 Dungeon Crawl Stone Soup version 0.18.1-50-g88ac8fd (webtiles) character file.

19 Gargoyl the Skirmisher (level 2, 0/24 HPs)
             Began as a Demonspawn Abyssal Knight on Sept 20, 2016.
             Was a Follower of Lugonu.
             Killed from afar by Natasha (8 damage)
             ... with a magic dart
             ... on level 2 of the Dungeon.
             The game lasted 00:01:39 (1074 turns).

Gargoyl the Skirmisher (Demonspawn Abyssal Knight)  Turns: 1074, Time: 00:01:39

Health: 0/24       AC:  5    Str: 12    XL:     2   Next: 55%
Magic:  3/3        EV:  9    Int: 13    God:    Lugonu [*.....]
Gold:   64         SH:  0    Dex: 12    Spells: 0 memorised, 1 level left

rFire  . . .     SeeInvis .     a - +1 hand axe
rCold  + . .     Gourm    .     j - +0 ring mail
rNeg   . . .     Faith    .     (no shield)
rPois  .         Spirit   .     (no helmet)
rElec  .         Dismiss  .     (no cloak)
rCorr  .         Reflect  .     (no gloves)
SustAt .         Harm     .     (no boots)
MR     .....                    (no amulet)
Stlth  +.........               l - +4 ring of evasion
                                d - ring of protection from cold

@: drained, not resistant to hostile enchantments, very unstealthy
A: talons 1
a: Depart the Abyss, Renounce Religion


You were on level 2 of the Dungeon.
You worshipped Lugonu.
Lugonu was aware of your devotion.
You were not hungry.

You visited 1 branch of the dungeon, and saw 2 of its levels.
You visited the Abyss 1 time.

You collected 64 gold pieces.

Inventory:

Hand Weapons
 a - a +1 hand axe (weapon)
 f - a +0 spear
Armour
 j - a +0 ring mail (worn)
Jewellery
 d - a ring of protection from cold (left hand)
 l - a +4 ring of evasion (right hand)
Scrolls
 e - a scroll of enchant weapon {unknown}
 i - a scroll of blinking {unknown}
 k - a scroll of immolation {unknown}
Comestibles
 b - a meat ration
 c - a bread ration
 g - a slice of pizza
 h - 3 fruits


   Skills:
 + Level 3.5(2.6) Fighting
 + Level 1.7(0.9) Axes
 * Level 2.1(1.3) Armour
 + Level 1.0(0.2) Dodging
 * Level 2.5(1.6) Invocations


You had one spell level left.
You didn't know any spells.

Dungeon Overview and Level Annotations

Branches:
Dungeon (2/15)

Altars:

Annotations:
D:2 Natasha


Innate Abilities, Weirdness & Mutations

You have sharp toenails.


Message History

The crimson imp disappears for a moment.
There is a stone staircase leading up here.
The crimson imp hits you.
You climb upwards.
There is a stone staircase leading down here.
You start resting.
HP restored.
You climb downwards.
Level annotation: Natasha The crimson imp disappears in a puff of smoke!
The crimson imp hits you but does no damage.
Natasha zaps a wand.
The puff of flame hits you!
It is a wand of flame.
The crimson imp blinks!
There is a stone staircase leading up here.
Natasha zaps a wand.
The puff of flame hits you!
Unknown command.
The crimson imp disappears in a puff of smoke!
Natasha stares at you and mumbles some strange words.
The magic dart hits you!
You die...

#######
#....?#
###.§...#####
..#.h@.......
#.#..g.......
#.#.....#####
##.#.#####
######.....#
........#..#
#######$#5.#
####†#..###.
#..........#


You could see Natasha and a hobgoblin.

Vanquished Creatures
  An ooze (D:1)
  A dart slug (D:1)
  A giant gecko (D:1)
  A bat (D:1)
  3 hobgoblins
  A ball python (D:1)
  A goblin (D:2)
  A kobold (D:1)
  3 rats
13 creatures vanquished.

Notes
Turn   | Place    | Note
--------------------------------------------------------------
     0 | Abyss:1  | Gargoyl the Demonspawn Abyssal Knight began the quest for the Orb.
     0 | Abyss:1  | Reached XP level 1. HP: 18/18 MP: 2/2
    80 | Abyss:2  | Noticed a small abomination
    89 | D:1      | Escaped the Abyss
   447 | D:1      | Gained mutation: You have sharp toenails. [demonic ancestry]
   447 | D:1      | Reached XP level 2. HP: 6/24 MP: 3/3
   668 | D:1      | Reached * piety under Lugonu
  1037 | D:1      | Reached skill level 1 in Dodging
  1044 | D:1      | You fall through a shaft!
  1048 | D:2      | Noticed Natasha
  1051 | D:2      | Noticed a crimson imp
  1052 | D:2      | Noticed a crimson imp
  1074 | D:2      | Killed from afar by Natasha

Skill      XL: |  1  2 |
---------------+-------+-----
Armour         | 2 |  2.1
Dodging        | 1 |  1.0
Fighting       | |  3.5
Axes           | |  1.7
Invocations    | |  2.5

Action                   || total
-------------------------++-------
Melee: Hand axe          ||    45
       Kick              ||     4
Invok: Depart the Abyss  ||     1
  Eat: Chunk             ||     1
Armor: Leather armour    ||     4
       Ring mail         ||    12
Dodge: Dodged            ||    25
